AoeStats
← MattAtArms

Arabia

517981386Analyzed
1v1 RM · 5d ago on Nov 1, 2026· 61m 44s· 2 players
Game mode
Random Map
Map size
Tiny (2 player)
Population
200
Speed
Normal
Resources
Standard
Victory
Conquest
Starting age
Dark Age
Ending age
Imperial Age
RankedLock teamsTeams togetherTeam positionsShared explorationLock speedFull tech treeHidden civsTurbo modeCheats
Victory
Defeat
🇨🇭 Vietnamese · Switzerland
1959
+13
vs
🇬🇧 Saracens · United Kingdom
1898
-13
MattAtArms
6:02 Loom
9:02 Feudal Age
9:15 Man-at-Arms
9:52 Double-Bit Axe
15:21 Fletching
20:05 Castle Age
18:17 Gold Mining
18:55 Padded Archer Armor
18:37 Horse Collar
20:06 Crossbowman
20:42 Bodkin Arrow
23:03 Bow Saw
23:21 Town Watch
24:16 Wheelbarrow
27:05 Town Watch
36:13 Imperial Age
34:47 Thumb Ring
34:59 Leather Archer Armor
35:07 Heavy Plow
36:21 Arbalester
37:02 Bracer
37:43 Scale Barding Armor
38:35 Bloodlines
37:45 Light Cavalry
38:58 Ballistics
40:05 Chain Barding Armor
39:56 Forging
40:58 Chemistry
40:44 Hussar
42:19 Conscription
43:19 Plate Barding Armor
43:56 Iron Casting
44:24 Ring Archer Armor
44:19 Masonry
47:52 Blast Furnace
47:25 Hand Cart
54:10 Husbandry
56:19 Siege Engineers
57:26 Murder Holes
57:44 Fortified Wall
58:13 Gold Shaft Mining
57:29 Stone Mining
58:48 Elite Skirmisher
inscale
6:18 Loom
9:21 Feudal Age
9:57 Double-Bit Axe
11:32 Horse Collar
16:34 Wheelbarrow
20:07 Castle Age
18:32 Fletching
19:00 Padded Archer Armor
20:21 Gold Mining
20:17 Elite Skirmisher
20:59 Bodkin Arrow
22:49 Leather Archer Armor
34:12 Imperial Age
32:52 Bow Saw
35:05 Ballistics
36:12 Chemistry
35:41 Imperial Skirmisher
37:18 Bracer
39:01 Ring Archer Armor
40:52 Siege Engineers
46:28 Town Watch
46:57 Heavy Plow
48:10 Elite Rattan Archer
52:12 Paper Money
52:42 Scale Barding Armor
52:47 Forging
54:53 Chain Barding Armor
54:09 Light Cavalry
54:59 Bloodlines
56:09 Iron Casting
55:47 Husbandry
56:23 Plate Barding Armor
56:39 Hand Cart
58:20 Crop Rotation
61:45 Town Patrol
62:06 Thumb Ring
Connection lost

Rejoining the realm…

Still unreachable

The connection could not be restored.

Session expired

The server has moved on; the page needs a fresh start.